Map: Lost and Found LE

Players

UnLefT - Winner!

  • Race: Terran Terran
  • League: Master
  • Spawn Location: 1:00

Grimley

  • Race: Zerg Zerg
  • League: Master
  • Spawn Location: 7:00

VOD

Have the link to the VOD?

Description

2 Base Hellbat Cyclone Timing (8 Hellbats, 4 Cyclones) at 5:20 into Mech play.

This is a replay from Bombs doing a coaching session with a student, Bombs is sharing his screen and playing on the students account to help him deal with the specifics situations he falls into his own league/level in TvZ.

Rules:

1) Never lose your cyclones, just fight when you have at least 2 hellbats within your army
2) If you lose all cyclones and he's doing a counter attack with roaches, reproduce more Cyclones and delay your 3rd, 4th and 5th Factory, you cannot hold roaches attacks with pure Hellbats
3) Once you get a 4th base you can go +3 Factories and really heavy Mech style with constant Hellion Runbys
4) If you play defensively, then your dependant of knowing of what Zerg is doing, meaning that if he goes Vipers you need Vikings, if he goes Broodlords, you also need Vikings... i'ts really hard to kill
5) After the Hellbat/Cyclone pressure, once you get a few Siege tanks, it's important to start doing Hellion run-bys in 2 places (1st hellion group you get zerg attention and get his army out of positon, and the 2nd hellion group does the run by into the mineral line and morph into hellbat, or whatever you like)
6) I do not recommend this build order above 5k MMR

Good Luck Commanders

- Bombs

Time

  • Played on: July 1, 2018, 10:31 p.m.
  • Length: 12:03
Show
View Real Time Build Order
Export as new Build Order

UnLefT Terran - Winner!

Build Orders: Mech 

Get SALT Encoding   

  12  0:00  SCV  
  13  0:13  SCV  
  14  0:17  Supply Depot  
  14  0:25  SCV  
  14  0:27  Refinery  
  15  0:39  SCV  
  16  0:44  Barracks  
  16  0:51  SCV  
  17  1:03  SCV  
  18  1:15  SCV  
  19  1:31  Barracks Reactor  
  19  1:32  Orbital Command  
  19  1:45  Command Center  
  19  1:57  Factory  
  19  2:00  SCV  
  20  2:08  Supply Depot  
  20  2:13  Marine  
  20  2:14  Marine  
  22  2:16  SCV  
  23  2:24  Refinery  
  24  2:30  SCV  
  24  2:42  SCV, Factory  
  25  2:48  Hellion  
  25  2:49  Hellion  
  29  2:54  SCV  
  29  2:57  Barracks Reactor  
  30  3:03  Orbital Command  
  30  3:06  SCV  
  31  3:18  SCV  
  32  3:21  Hellion x2  
  36  3:28  SCV  
  36  3:29  Supply Depot  
  36  3:32  SCV  
  38  3:40  SCV  
  39  3:44  Widow Mine, Cyclone  
  39  3:46  SCV  
  45  3:56  Cyclone  
  45  3:57  SCV  
  45  3:58  Supply Depot  
  45  3:59  Cyclone  
  45  4:01  SCV  
  53  4:09  SCV  
  54  4:15  Supply Depot  
  54  4:20  Cyclone, SCV  
  54  4:21  SCV  
  59  4:26  Supply Depot  
  59  4:29  Armory  
  59  4:32  SCV  
  59  4:33  SCV  
  59  4:37  Hellion x2  
  65  4:39  Hellion  
  65  4:44  SCV  
  68  4:52  Hellion  
  70  4:56  Supply Depot  
  70  4:57  SCV  
  70  4:59  Hellion x2  
  75  5:01  SCV  
  75  5:04  Hellion  
  78  5:17  Supply Depot  
  78  5:18  Hellion, SCV, Command Center  
  78  5:20  SCV  
  82  5:27  Hellion x2  
  86  5:32  Terran Vehicle Weapons Level 1  
  86  5:39  SCV x2, Hellion  
  90  5:46  Hellion  
  84  5:51  SCV x2  
  84  5:55  Factory  
  84  5:56  Factory  
  86  5:57  Factory  
  86  6:03  SCV  
  87  6:06  Hellion x3  
  88  6:11  SCV  
  88  6:15  SCV  
  88  6:16  Hellion  
  89  6:19  Refinery  
  89  6:20  Refinery  
  89  6:23  SCV  
  90  6:27  Widow Mine, Hellion  
  90  6:29  Widow Mine, SCV  
  97  6:35  SCV  
  97  6:36  Orbital Command  
  97  6:37  Widow Mine  
  100  6:41  SCV, Factory Tech Lab x3  
  97  6:47  Orbital Command  
  81  6:56  Refinery  
  81  6:58  Orbital Command  
  81  6:59  Hellion x2  
  81  7:00  Hellion x2  
  81  7:01  Refinery  
  75  7:18  Thor  
  75  7:20  Siege Tank  
  75  7:21  SCV  
  85  7:26  SCV x2  
  87  7:33  SCV  
  88  7:37  Hellbat x3  
  88  7:38  SCV, Hellbat  
  88  7:39  SCV  
  88  7:41  Infernal Pre-Igniter  
  88  7:42  Terran Vehicle Weapons Level 2  
  98  7:45  SCV  
  98  7:49  Armory  
  98  7:50  SCV  
  98  7:51  Siege Tank, SCV  
  104  7:53  Hellion x2  
  104  7:54  Hellion x2  
  104  7:57  SCV, Hellion x3  
  105  7:58  Hellion  
  105  8:02  SCV  
  105  8:03  SCV  
  105  8:09  SCV  
  105  8:11  Supply Depot x2  
  105  8:12  Supply Depot  
  106  8:14  SCV  
  109  8:27  Hellion  
  109  8:32  Siege Tank x2, Hellbat  
  109  8:33  Thor, Hellion  
  109  8:34  Hellion  
  127  8:36  Command Center  
  127  8:39  Engineering Bay  
  127  8:40  SCV  
  130  8:48  Hellion  
  130  8:54  Hellbat  
  132  9:01  Hellbat  
  132  9:03  Hellbat  
  132  9:04  Siege Tank  
  131  9:14  Siege Tank, Terran Vehicle And Ship Armor Level 1  
  130  9:17  Hellion x2  
  130  9:18  Hellion x2  
  130  9:21  Hellion x2  
  130  9:22  Hellion x2  
  130  9:23  Siege Tank, Hellbat  
  133  9:24  Hellbat  
  133  9:27  Command Center  
  133  9:33  Supply Depot  
  133  9:34  Supply Depot x2  
  133  9:35  Supply Depot  
  133  9:36  Siege Tank, Supply Depot x2  
  136  9:47  Hellbat x2  
  136  9:48  Hellbat  
  142  9:56  SCV  
  142  9:59  Thor, Hellbat  
  151  10:00  Thor  
  151  10:03  Refinery  
  151  10:04  Smart Servos  
  151  10:06  Refinery  
  157  10:08  SCV, Factory  
  157  10:09  Factory x2  
  157  10:13  SCV  
  159  10:19  Sensor Tower  
  159  10:24  Planetary Fortress  
  159  10:25  SCV x3  
  162  10:32  Sensor Tower  
  162  10:34  Siege Tank, Hellbat x4  
  173  10:37  SCV  
  173  10:42  Siege Tank  
  177  10:44  Siege Tank  
  177  10:49  Orbital Command  
  180  10:50  SCV  
  180  10:53  Factory Tech Lab  
  180  10:54  Factory Tech Lab x2  
  181  11:06  Siege Tank  
  181  11:09  Hellbat x3  
  190  11:14  Siege Tank  
  190  11:16  Siege Tank, Command Center  
  196  11:35  Hellbat  
  200  11:40  Hellbat  
Show
View Real Time Build Order
Export as new Build Order

Grimley Zerg 

Build Orders: Hatch First 

Get SALT Encoding   

  12  0:01  Drone  
  13  0:12  Overlord  
  13  0:17  Drone  
  14  0:31  Drone x2  
  14  0:34  Drone  
  17  0:51  Hatchery  
  17  0:54  Drone  
  17  0:57  Drone  
  18  1:04  Extractor  
  17  1:13  Spawning Pool  
  17  1:17  Drone  
  17  1:20  Drone  
  18  1:30  Drone  
  19  1:38  Overlord  
  19  1:49  Drone  
  20  1:59  Queen  
  20  2:00  Zergling x2  
  23  2:04  Zergling x2, Queen  
  23  2:05  Metabolic Boost  
  26  2:11  Drone  
  27  2:15  Drone  
  28  2:23  Drone  
  28  2:26  Drone  
  30  2:32  Drone  
  30  2:35  Queen  
  33  2:37  Overlord  
  33  2:43  Queen  
  35  2:46  Drone  
  36  3:01  Drone x2  
  36  3:04  Hatchery  
  37  3:11  Overlord, Drone x2  
  39  3:15  Drone x2  
  39  3:16  Drone  
  42  3:30  Drone x2  
  44  3:37  Drone x2  
  46  3:45  Drone x4  
  46  3:48  Extractor, Drone x3  
  50  3:50  Extractor  
  51  4:00  Drone  
  51  4:01  Overlord x2  
  52  4:13  Evolution Chamber  
  52  4:15  Evolution Chamber  
  50  4:18  Lair, Queen  
  50  4:20  Drone x9  
  50  4:21  Drone  
  62  4:28  Extractor  
  61  4:41  Zerg Melee Weapons Level 1, Zerg Ground Armor Level 1  
  61  4:44  Overlord, Drone  
  61  4:45  Drone x6  
  67  5:03  Zergling x12  
  73  5:10  Queen x2  
  77  5:20  Evolution Chamber  
  76  5:21  Evolution Chamber  
  76  5:23  Zergling x10  
  76  5:24  Zergling x4  
  76  5:25  Overlord x3  
  82  5:33  Infestation Pit  
  81  5:37  Baneling Nest, Queen  
  82  5:47  Zergling x12  
  82  5:48  Zergling x4  
  74  5:57  Zergling x2  
  72  6:09  Zergling x2  
  72  6:10  Zergling x8  
  63  6:17  Queen  
  63  6:18  Queen x2  
  65  6:19  Zergling x4  
  65  6:29  Zergling x14  
  65  6:32  Baneling x6  
  71  6:33  Baneling  
  61  6:56  Drone x10  
  64  7:20  Hive  
  64  7:22  Zergling x2  
  65  7:23  Zergling x12  
  71  7:31  Drone, Evolution Chamber  
  71  7:32  Baneling Nest, Drone x3, Evolution Chamber  
  72  7:38  Drone  
  72  7:39  Drone  
  72  7:40  Drone x3  
  73  8:13  Zerg Ground Armor Level 2, Zerg Melee Weapons Level 2  
  73  8:17  Extractor, Drone x3  
  73  8:18  Extractor, Drone x2  
  73  8:19  Drone x2  
  76  8:32  Hatchery  
  76  8:33  Drone x2  
  77  8:35  Zergling x2  
  77  8:36  Zergling x16  
  86  8:48  Zergling x6  
  89  8:51  Centrifical Hooks  
  89  8:52  Adrenal Glands  
  85  8:56  Ultralisk Cavern  
  61  9:10  Drone x6  
  60  9:21  Drone x5  
  60  9:22  Drone x4  
  67  9:42  Chitinous Plating  
  67  9:44  Ultralisk x2  
  79  9:54  Ultralisk  
  85  10:03  Ultralisk  
  91  10:10  Evolution Chamber  
  91  10:12  Drone x2  
  91  10:13  Drone x3, Evolution Chamber  
  94  10:16  Drone  
  95  10:23  Drone x7  
  95  10:24  Drone  
  103  10:31  Overlord x3  
  103  10:47  Spine Crawler  
  102  11:06  Ultralisk x3  
  120  11:15  Spine Crawler  
  119  11:20  Ultralisk  
  125  11:25  Zergling x2  
  125  11:26  Zergling x4  
  125  11:27  Overlord x5  
  127  11:33  Overseer  
Tags
 
Composition
Mech
Matchup
TvZ
Spawn Locations
Cross Positions
Add a new tag
Caveats
  • Supply blocks, unpowered buildings, or Contaminate may cause inaccurate times.
  • Supply counts are checked every 10 seconds.